 Dungeon Crawl Stone Soup version 0.15.0-34-g666c3a1 (webtiles) character file.

98 MackTheKnife the Grasshopper (level 4, 0/22 HPs)
             Began as a Spriggan Warper on Sept 14, 2014.
             Killed by divine providence
             ... invoked by an orc priest
              (9 damage)
             ... on Level 3 of the Dungeon.
             The game lasted 00:07:48 (3102 turns).

MackTheKnife the Grasshopper (Spriggan Warper)      Turns: 3102, Time: 00:07:48

HP   0/22        AC  3     Str  7      XL: 4   Next: 44%
MP  12/12        EV 23     Int 14      God:
Gold 78          SH  0     Dex 16      Spells:  2 memorised,  5 levels left

rFire  . . .     SeeInvis +     a - +1 short sword
rCold  . . .     Clarity  .     b - +1 robe
rNeg   . . .     rCorr    .     (shield restricted)
rPois  .         rRot     .     (helmet restricted)
rElec  .         Spirit   .     (no cloak)
SustAb .         Warding  .     (gloves unavailable)
rMut   .         Stasis   .     (boots unavailable)
Gourm  .                        (no amulet)
MR     .....                    i - ring of wizardry
                                g - +5 ring of evasion

@: very quick, not resistant to hostile enchantments, fairly stealthy
A: unfitting armour, see invisible, herbivore 3, speed 3, slow metabolism 2
a: no special abilities


You were on level 3 of the Dungeon.
You were not hungry.

You visited 1 branch of the dungeon, and saw 3 of its levels.

You collected 78 gold pieces.


Innate Abilities, Weirdness & Mutations

You are tiny and cannot use many weapons and most armour.
You have supernaturally acute eyesight.
You are a herbivore.
You cover ground extremely quickly.
You need consume almost no food.


   Skills:
 - Level 1.5 Fighting
 - Level 2.1 Short Blades
 - Level 1.1 Throwing
 - Level 3.5 Dodging
 + Level 5.3 Stealth
 - Level 2.6 Spellcasting
 - Level 5.7 Translocations


You had 5 spell levels left.
You knew the following spells:

 Your Spells              Type           Power        Failure   Level  Hunger
a - Shroud of Golubria    Chrm/Tloc      #.........   4%          2    ##.....
e - Apportation           Tloc           ###.......   1%          1    #......

Inventory:

Hand weapons
 a - a +1 short sword (weapon)
Missiles
 e - a tomahawk of dispersal
 o - 7 tomahawks (quivered)
Armour
 b - a +1 robe (worn)
Magical devices
 n - a wand of fireball (6)
Comestibles
 h - 4 bread rations
Scrolls
 d - 2 scrolls of blinking
 p - 2 scrolls of identify
Jewellery
 g - a +5 ring of evasion (left hand)
 i - a ring of wizardry (right hand)
 k - an uncursed amulet of clarity {unknown}
Potions
 f - a potion of porridge
 j - a potion of heal wounds {unknown}
 l - a potion of mutation {unknown}
 m - 2 potions of curing {unknown}
 r - 2 potions of brilliance {unknown}
 s - a potion of restore abilities {unknown}
 t - a potion of flight {unknown}
Books
 c - a book of Spatial Translocations

   Spells                             Type                      Level
   *Apportation                       Translocation                1
   Blink                              Translocation                2
   *Shroud of Golubria                Charms/Translocation         2
   Portal Projectile                  Translocation                3
   Teleport Other                     Translocation                3
   Passage of Golubria                Translocation                4

▒·▒)▒ ▒·▒ ▒·▒ ▒·▒ ▒·▒·▒
▒·▒ ▒·▒ ▒·▒ ▒·▒·▒
▒▒▒▒·▒▒▒▒▒·▒▒▒▒·▒
▒·▒·▒▒▒▒···············▒
▒···········▒▒▒▒▒·▒▒▒▒▒▒
▒▒▒▒▒▒···▒▒▒▒·▒▒▒▒ ▒·▒
···········▒▒·▒ ▒·▒
···▒▒▒···▒%▒▒·▒▒▒▒▒ ▒·▒
·▒···········oooi)▒ ▒·▒
···▒▒▒····(···▒▒▒·▒ ▒·▒
········▒▒·▒··▒ ▒·▒ ▒·▒
··▒▒▒▒········▒ ▒·▒▒▒▒·▒
··▒ ▒▒▒▒▒·▒·▒▒ ▒······▒
··▒ ▒·▒·▒ ▒▒▒▒▒▒▒▒ ··▒
▒·▒◦▒ ·▒▒▒▒▒▒▒▒▒·▒◦░
·(·········▒◦░


You could see an orc priest and 2 orcs.


Message History

The orc hits you but does no damage.
You hit the orc.
The orc is moderately wounded.
An orc comes into view.
You hit the orc.
The orc is severely wounded.
The orc closely misses you.
You hit the orc.
You kill the orc!
You barely miss the orc priest.
The orc priest grunts repeatedly.
The orc priest hits you with a dagger.
You hit the orc priest but do no damage.
The orc priest mumbles some strange prayers to Beogh against you.
Pain shoots through your body!
You hit the orc priest but do no damage.
The orc priest hits you with a dagger.
* * * LOW HITPOINT WARNING * * *
You hit the orc priest.
The orc priest is heavily wounded.
The orc priest's eyes start to glow.
You hit the orc priest.
The orc priest is heavily wounded.
The orc priest hits you with a dagger.
* * * LOW HITPOINT WARNING * * *
You barely miss the orc priest.
The orc priest is heavily wounded.
The orc priest calls down the wrath of Beogh upon you.
Something smites you!
You die...

Action                   |  1- 3 |  4- 6 || total
-------------------------+-------+-------++-------
Melee: Short sword       |   120 |    67 ||   187
Throw: Tomahawk          |    32 |     7 ||    39
Evoke: Wand              |     1 |       ||     1
  Use: Scroll            |     5 |     3 ||     8
 Stab: Sleeping          |     2 |     2 ||     4

Vault maps used:
D:1:      dpeg_arrival_stonehenge_8_columns
D:2:      serial_forest, infiniplex_forest_clump_double,
          infiniplex_forest_lined_2, infiniplex_forest_clump_long,
          infiniplex_forest_lined_ring, infiniplex_forest_clump_long,
          infiniplex_forest_clump_small, infiniplex_forest_lined_corner,
          infiniplex_forest_zigzag_1, infiniplex_forest_clump_C,
          okawaru_ov_weapons_minmay
D:3:      first_bread, minmay_quantized

Notes
Turn   | Place    | Note
--------------------------------------------------------------
     0 | D:1      | MackTheKnife, the Spriggan Warper, began the quest for the Orb.
     0 | D:1      | Reached XP level 1. HP: 10/10 MP: 4/4
   232 | D:1      | Reached skill level 1 in Stealth
   320 | D:1      | Reached skill level 2 in Stealth
   320 | D:1      | Reached XP level 2. HP: 14/14 MP: 7/7
  1037 | D:2      | Reached skill level 5 in Translocations
  1445 | D:2      | Reached skill level 3 in Stealth
  1508 | D:2      | Reached XP level 3. HP: 16/18 MP: 9/9
  1984 | D:2      | Reached skill level 4 in Stealth
  2064 | D:2      | Found an iron altar of Okawaru.
  2082 | D:2      | Reached XP level 4. HP: 14/22 MP: 12/12
  2817 | D:3      | Learned a level 2 spell: Shroud of Golubria
  2915 | D:3      | Reached skill level 5 in Stealth
  3102 | D:3      | Killed from afar by an orc priest

Vanquished Creatures
  An adder (D:2)
  A giant mite (D:3)
  4 worms (D:2)
  An orc (D:3)
  7 giant cockroaches
  6 goblins
  10 hobgoblins
  4 jackals (D:2)
  7 kobolds
  A quokka (D:3)
  A ball python (D:1)
  7 bats
  A giant gecko (D:3)
  2 giant newts
  A rat (D:3)
54 creatures vanquished.
